 Dungeon Crawl Stone Soup version 0.23-a0-448-g1c01f63 (webtiles) character file.

542 MisterFreud the Sneak (level 7, -5/55 HPs)
             Began as a Naga Fire Elementalist on Nov 20, 2018.
             Was a Follower of Cheibriados.
             Killed by miscasting Sticky Flame (32 damage)
             ... on level 4 of the Dungeon.
             The game lasted 00:15:56 (4265 turns).

MisterFreud the Sneak (Naga Fire Elementalist)      Turns: 4265, Time: 00:15:57

Health: -5/55      AC:  5    Str: 14    XL:     7   Next: 27%
Magic:  3/11       EV: 10    Int: 20    God:    Cheibriados [*.....]
Gold:   223        SH:  0    Dex: 14    Spells: 4/12 levels left

rFire    . . .     SeeInvis +   e - +0 whip
rCold    . . .     Gourm    .   (no shield)
rNeg     . . .     Faith    .   k - +0 robe
rPois    +         Spirit   .   (no helmet)
rElec    .         Reflect  .   (no cloak)
rCorr    .         Harm     .   p - +1 pair of gloves
MR       .....                  (no barding)
Stlth    +++.......             (no amulet)
HPRegen  0.18/turn              (no ring)
MPRegen  0.12/turn              (no ring)

@: very slightly contaminated, very slow
A: large, see invisible, deformed body, poison resistance, slowness 2, slow
metabolism 1, spit poison 1, AC +2
a: Spit Poison, Bend Time, Renounce Religion


You were on level 4 of the Dungeon.
You worshipped Cheibriados.
Cheibriados was aware of your devotion.
You were hungry.

You visited 1 branch of the dungeon, and saw 5 of its levels.

You collected 223 gold pieces.

Inventory:

Hand Weapons
 e - a +0 whip (weapon)
Missiles
 b - 31 arrows
 h - 192 stones (quivered)
 j - 19 sling bullets
 q - 17 bolts
 r - 2 needles of sleeping
 v - 51 poisoned needles
 y - 4 tomahawks
Armour
 k - a +0 robe (worn)
 p - a +1 pair of gloves (worn)
Scrolls
 a - a scroll of teleportation
 d - 2 scrolls of remove curse
 f - 3 scrolls of amnesia
 m - a scroll of enchant armour
 n - a scroll of magic mapping
 s - a scroll of immolation {unknown}
Potions
 g - 2 potions of curing
 i - a potion of lignification {unknown}
 l - 2 potions of berserk rage {unknown}
 o - 2 potions of agility
 w - a potion of invisibility {unknown}
Comestibles
 c - 8 rations


   Skills:
 - Level 1.5 Dodging
 - Level 5.0 Stealth
 + Level 3.1 Spellcasting
 - Level 5.0 Conjurations
 - Level 5.0 Fire Magic


You had 4 spell levels left.
You knew the following spells:

 Your Spells              Type           Power        Failure   Level  Hunger
a - Flame Tongue          Conj/Fire      ###..        1%          1    None
b - Conjure Flame         Conj/Fire      ###.....     5%          3    ###....
c - Sticky Flame          Conj/Fire      ###.....     19%         4    ####...

Your spell library contained the following spells:

 Spells                   Type           Power        Failure   Level  Hunger
 Throw Flame              Conj/Fire      ###...       2%          2    ##.....
 Inner Flame              Hex/Fire       ##......     16%         3    ###....
 Fireball                 Conj/Fire      ###.......   45%         5    ######.


Dungeon Overview and Level Annotations

Branches:
Dungeon (5/15)             Temple (0/1) D:4

Altars:
Cheibriados
Dithmenos
Qazlal


Innate Abilities, Weirdness & Mutations

You cannot wear boots.
Your serpentine skin is tough. (AC +2)
You have supernaturally acute eyesight. (SInv)
Armour fits poorly on your strangely shaped body.
Your system is resistant to poisons. (rPois)
You cover ground very slowly.
You have a slow metabolism.
You can spit poison.


Message History

You climb upwards.
There is a stone staircase leading down here.
Casting: Flame Tongue (safe; 1% risk of failure)
Confirm with . or Enter, or press ? or * to list all spells.
Aiming: Sticky Flame (slightly dangerous; 19% risk of failure)
Press: ? - help, Shift-Dir - straight line, f - orc priest
Aim: an orc priest, wielding a +0 dagger and wearing a +0 leather armour You miscast Sticky Flame.
You are very lightly contaminated with residual magic.
Nothing appears to happen.
The orc hits you with a cursed -3 war axe.
The orc hits you with a +0 flail! The orc priest closely misses you.
Casting: Sticky Flame (slightly dangerous; 19% risk of failure)
Confirm with . or Enter, or press ? or * to list all spells.
Aiming: Sticky Flame (slightly dangerous; 19% risk of failure)
Press: ? - help, Shift-Dir - straight line, f/p - orc priest
Aim: an orc priest, wielding a +0 dagger and wearing a +0 leather armour You miscast Sticky Flame.
You are blasted with fire.
Ouch! That really hurt!
You die...

# #...##......# #......#.#####
###...##......# #......#)#[..#
'.....##......# #......#.#.#.#
####..##......######......#.#...#
####..##......#)...'......'...#.#
...#..##......#.####......#.#.#.#
...#..##......#.............#.#.#
...#..########.oo....[..#.#.#.#.#
................@o......#.#.#.#.#
#'############..........#.#.#.#.#
#.#...............#######.#.#.#.#
....#############.#######.#.#.#.#
....# #.........#.#.#..
....#######################.#.###
#.#.........................#.#
#.###############...........#.###
#.###...........#................


You could see an orc priest and 2 orcs.

Vanquished Creatures
  An ogre (D:4)
  A howler monkey (D:3)
  2 orc priests
  A gnoll shaman (D:4)
  Jessica (D:3)
  3 worker ants (D:4)
  6 adders
  5 gnolls (D:4)
  2 oozes
  An adder skeleton (D:4)
  A worm (D:3)
  5 dart slugs
  7 leopard geckos
  15 orcs
  6 giant cockroaches
  5 hobgoblins
  A quokka (D:3)
  7 bats
  11 frilled lizards
  7 goblins
  5 kobolds
  9 rats
102 creatures vanquished.

Notes
Turn   | Place    | Note
-------+----------+-------------------------------------------
     0 | D:1      | MisterFreud the Naga Fire Elementalist began the quest for
                  | the Orb.
     0 | D:1      | Reached XP level 1. HP: 15/15 MP: 3/3
   188 | D:1      | Reached XP level 2. HP: 22/22 MP: 5/5
   625 | D:1      | Reached skill level 5 in Stealth
   670 | D:1      | Reached XP level 3. HP: 28/28 MP: 3/6
  1302 | D:2      | Reached XP level 4. HP: 28/36 MP: 7/7
  1676 | D:2      | Found a shadowy altar of Dithmenos.
  1697 | D:2      | Found a stormy altar of Qazlal.
  1966 | D:3      | Reached XP level 5. HP: 35/42 MP: 1/8
  2036 | D:3      | Learned a level 3 spell: Conjure Flame
  2041 | D:3      | Learned a level 4 spell: Sticky Flame
  2084 | D:3      | Noticed Jessica
  2109 | D:3      | Killed Jessica
  2258 | D:3      | Found a snail-covered altar of Cheibriados.
  2266 | D:3      | Became a worshipper of Cheibriados the Contemplative
  2529 | D:3      | Reached XP level 6. HP: 45/49 MP: 7/9
  2982 | D:4      | Reached * piety under Cheibriados
  3330 | D:4      | Found a staircase to the Ecumenical Temple.
  3619 | D:4      | Reached XP level 7. HP: 35/55 MP: 5/11
  3699 | D:4      | Reached skill level 5 in Conjurations
  3718 | D:4      | Reached skill level 5 in Fire Magic
  4205 | D:5      | Entered Level 5 of the Dungeon
  4265 | D:4      | Killed by miscasting Sticky Flame

Vault maps used:
D:1:      tarquinn_simple_flora_water_f, grunt_decor_resistance,
          minmay_lizard_pond
D:2:      grunt_dithmenos_smoke_and_mirrors, nicolae_qazlal_eye_of_the_storm
D:3:      grunt_decor_clamped, kennysheep_slug_shrine, uniq_jessica
D:4:      minmay_temple_entry_stoned_glass, first_ration
D:5:      ebering_ghost_disaster_area, basic_altar, uniq_grinder, uniq_menkaure

Skill      XL: |  1  2  3  4  5  6  7 |
---------------+----------------------+-----
Stealth        | 4 5 |  5.0
Conjurations   | 2 3 4 5 |  5.0
Fire Magic     | 4 5 |  5.0
Spellcasting   | 3 |  3.1
Dodging        | |  1.5

Action                   |  1- 3 |  4- 6 |  7- 9 || total
-------------------------+-------+-------+-------++-------
Melee: Unarmed           |     6 |       |       ||     6
       Whip              |    48 |    68 |    44 ||   160
Throw: Throwing net      |     1 |       |       ||     1
 Cast: Flame Tongue      |    21 |    51 |     4 ||    76
       Sticky Flame      |       |     3 |     3 ||     6
 Abil: Spit Poison       |    24 |    38 |     2 ||    64
  Use: Scroll            |       |     7 |       ||     7
 Stab: Sleeping          |     9 |     8 |     1 ||    18
  Eat: Chunk             |     2 |     9 |     2 ||    13
Armor: Robe              |    12 |    42 |    14 ||    68
Dodge: Dodged            |    51 |    64 |    34 ||   149

Table legend:
 A = Non-vault XP
 B = Vault XP
 C = Vault XP percentage of total XP
 D = Non-vault monster count
 E = Vault monster count
 F = Vault count percentage of total count
                 A         B        C        D         E       F
            +---------+---------+-------+---------+---------+-------
      Total |     727 |      48 |   6.2 |      93 |       9 |   8.8
            +---------+---------+-------+---------+---------+-------
        D:1 |      46 |       7 |  13.2 |      24 |       7 |  22.6
        D:2 |      74 |       0 |   0.0 |      22 |       0 |   0.0
        D:3 |     163 |      41 |  20.1 |      24 |       2 |   7.7
        D:4 |     444 |       0 |   0.0 |      23 |       0 |   0.0
            +---------+---------+-------+---------+---------+-------
